 Dungeon Crawl Stone Soup version 0.26-a0-778-g3fe0686644 (webtiles) character file.

Game seed: 9562753407852852542

133 lunkers the Digger (level 4, 0/31 HPs)
             Began as a Demonspawn Earth Elementalist on Nov 9, 2020.
             Was an Initiate of Kikubaaqudgha.
             Shot with an arrow by a centaur (5 damage)
             ... on level 3 of the Dungeon.
             The game lasted 00:03:49 (2498 turns).

lunkers the Digger (Demonspawn Earth Elementalist)  Turns: 2498, Time: 00:03:50

Health: 0/31       AC:  4    Str:  9    XL:     4   Next: 94%
Magic:  8/8        EV: 12    Int: 17    God:    Kikubaaqudgha [......]
Gold:   146        SH:  0    Dex: 13    Spells: 8/9 levels left

rFire    . . .     SeeInvis .   i - +2 dagger (distort)
rCold    . . .     Faith    .   (no shield)
rNeg     . . .     Spirit   .   c - +0 robe
rPois    .         Reflect  .   (no helmet)
rElec    .         Harm     .   (no cloak)
rCorr    .         Rampage  .   (no gloves)
MR       .....                  (no boots)
Stlth    ++........             (no amulet)
HPRegen  0.10/turn              (no ring)
MPRegen  0.11/turn              (no ring)

@: no status effects
A: iridescent scales 1, demonic guardian 1
a: Renounce Religion


You were on level 3 of the Dungeon.
You worshipped Kikubaaqudgha.
Kikubaaqudgha was noncommittal.
You visited 1 branch of the dungeon, and saw 3 of its levels.

You collected 146 gold pieces.

Inventory:

Hand Weapons
 i - a +2 dagger of distortion (weapon)
Missiles
 b - 27 stones (quivered)
Armour
 c - a +0 robe (worn)
Scrolls
 a - 2 scrolls of identify {unknown}
 e - a scroll of amnesia {unknown}
 f - a scroll of blinking {unknown}
 g - a scroll of immolation {unknown}
 h - a scroll of noise {unknown}
 j - 2 scrolls of remove curse {unknown}
 k - a scroll of teleportation {unknown}
 m - a scroll of enchant armour {unknown}
Potions
 d - 2 potions of heal wounds {unknown}
 l - a potion of flight {unknown}


   Skills:
 + Level 0.3 Fighting
 * Level 1.1 Short Blades
 - Level 1.7 Dodging
 - Level 1.7 Stealth
 - Level 3.0 Spellcasting
   Level 0.8 Transmutations
 - Level 4.3 Earth Magic


You had 8 spell levels left.
You knew the following spells:

 Your Spells              Type           Power        Failure   Level
c - Sandblast             Erth           ###...       3%          1

Your spell library contained the following spells:

 Spells                   Type           Power        Failure   Level
 Passwall                 Tmut/Erth      ##......     9%          2
 Stone Arrow              Conj/Erth      #.....       22%         3
 Petrify                  Tmut/Erth      ##......     52%         4
 Lee's Rapid Deconstruct  Erth           ###.......   63%         5


Dungeon Overview and Level Annotations

Branches:
Dungeon (3/15)

Altars:
Kikubaaqudgha

Annotations:
Abyss:1 Natasha


Innate Abilities, Weirdness & Mutations

You are partially covered in iridescent scales. (AC +2)
A weak demonic guardian rushes to your aid.


Message History

You barely miss the centaur.
The centaur hits you but does no damage.
Unknown command.
You hit the centaur.
The centaur is lightly wounded.
The centaur blinks!
The centaur wields a +0 shortbow.
The centaur shoots an arrow.
The arrow hits you.
* * * LOW HITPOINT WARNING * * *
The centaur shoots an arrow.
The arrow hits you!
* * * LOW HITPOINT WARNING * * *
You swap places.
You swap places.
The centaur shoots an arrow.
The arrow hits your shadow imp.
Your shadow imp hits the centaur.
Your shadow imp disappears in a puff of smoke!
The centaur unwields a +0 shortbow.
The centaur hits your shadow imp!
Your shadow imp dies!
The centaur wields a +0 shortbow.
The centaur shoots an arrow.
The arrow hits you.
You die...
Kikubaaqudgha rasps: "You have failed me!
Welcome... death!"

#.......# #.###.#
#.........##.# #.#
....... #...###.# .......
#.#...#.######## .......
...#...#).......#
.......#####...#.######.#
..c....'(.##............#
.......##5##.§≈....⌠....#
....... #.#@.≈≈≈≈....#..#
.....$. #.#(.≈≈≈≈...##..#
....... #.c...≈≈≈≈..##..#
....... ####..≈≈≈≈≈..#..#
.c..... #.....≈..≈.#..#
....... #..⌠....._.#..#
#....##....#.##
#...########.#
#............#


You could see a centaur.

Vanquished Creatures
  3 adders (D:2)
  An ooze (D:1)
  5 dart slugs
  3 orcs (D:3)
  4 giant cockroaches
  4 goblins
  12 hobgoblins
  5 jackals
  6 kobolds
  A ball python (D:1)
  5 bats
  3 frilled lizards
  5 rats
57 creatures vanquished.

Notes
Turn   | Place    | Note
-------+----------+-------------------------------------------
     0 | D:1      | lunkers the Demonspawn Earth Elementalist began the quest
                  | for the Orb.
     0 | D:1      | Reached XP level 1. HP: 13/13 MP: 3/3
   142 | D:1      | Reached skill level 3 in Earth Magic
   334 | D:1      | Gained mutation: A weak demonic guardian rushes to your
                  | aid. [demonic ancestry]
   334 | D:1      | Reached XP level 2. HP: 19/19 MP: 3/5
   932 | D:1      | Reached XP level 3. HP: 24/24 MP: 3/6
  1864 | D:2      | Reached skill level 4 in Earth Magic
  1869 | D:2      | Gained mutation: You are partially covered in iridescent
                  | scales. (AC +2) [demonic ancestry]
  1869 | D:2      | Reached XP level 4. HP: 25/30 MP: 8/8
  2094 | D:2      | Noticed Natasha
  2102 | D:2      | Banished Natasha
  2400 | D:3      | Found an ancient bone altar of Kikubaaqudgha.
  2403 | D:3      | Reached skill level 1 in Short Blades
  2440 | D:3      | Became a worshipper of Kikubaaqudgha
  2480 | D:3      | Noticed a centaur
  2498 | D:3      | Shot with an arrow by a centaur

Illustrated notes

Levels and vault maps discovered:
D:1:      saegor_arrival_simple_c, layout_loops_corners, serial_glass,
          glass_columns_a, glass_columns_b, glass_columns_a, glass_columns_a,
          minivault_11
D:2:      minmay_evil_eye, layout_basic, uniq_natasha
D:3:      layout_basic, kiku_gazebo_pond_becter, nicolae_dithmenos_shadow_blocks

Skill      XL: |  1  2  3  4 |
---------------+-------------+-----
Earth Magic    | 3 4 |  4.3
Spellcasting   | 3 |  3.0
Short Blades   | 1 |  1.1
Fighting       | |  0.3
Dodging        | |  1.7
Stealth        | |  1.7
Transmutations | |  0.8

Action                   |  1- 3 |  4- 6 || total
-------------------------+-------+-------++-------
Melee: Dagger            |    17 |    36 ||    53
Throw: Stone             |     2 |    11 ||    13
 Cast: Sandblast         |    54 |       ||    54
 Stab: Sleeping          |       |     1 ||     1
Armor: Robe              |     6 |     6 ||    12
Dodge: Dodged            |    25 |    18 ||    43

Table legend: (Time is in decaauts)
 A = Elapsed time spent in this place.
 B = Non-inter-level travel time spent in this place.
 C = Inter-level travel time spent in this place.
 D = Time resting spent in this place.
 E = Time spent auto-exploring this place.
 F = Levels seen in this place.
 G = Mean time per level.
                   A        B        C        D        E       F      G
               +--------+--------+--------+--------+--------+-----+--------+
         Total |   2498 |   2441 |     57 |      0 |   2080 |   3 |  832.7 |
       Dungeon |   2498 |   2441 |     57 |      0 |   2080 |   3 |  832.7 |
               +--------+--------+--------+--------+--------+-----+--------+

Top non-repeatable levels by time:
     D:1: 1353 daAuts
     D:2: 1035 daAuts
     D:3: 109 daAuts
